 Dungeon Crawl Stone Soup version 0.30-a0-394-g3e4acdb0ae (webtiles) character file.

Game seed: 2995862753934124330

85311 zishaf the Warrior (level 16, -7/190 HPs)
             Began as a Djinni Venom Mage on Dec 5, 2022.
             Was the Champion of Makhleb.
             Mangled by a +7 long sword (16 damage)
             ... on level 13 of the Dungeon on Dec 6, 2022.
             The game lasted 00:47:00 (19853 turns).

zishaf the Warrior (Djinni Venom Mage)             Turns: 19853, Time: 00:47:00

Health: -7/190     AC: 10    Str:  7    XL:     16   Next: 30%
Gold:   1941       EV: 11    Int: 30    God:    Makhleb [******] SH: 15 Dex: 17

rFire   + + .      SeeInvis .    o - +11 hammer of Judgement {vorpal, Fragile rPois Stlth+}
rCold   . . .      Faith    .    X - +0 kite shield
rNeg    . . .      Spirit   .    C - +1 robe of Vines {NoPotionHeal Regen++++}
rPois   ∞          Reflect  +    h - +2 hat
rElec   .          Harm     .    p - +2 cloak
rCorr   .          Rampage  .    g - +1 pair of gloves
Will    +....                    (boots unavailable)
Stlth   ..........               B - amulet of reflection
HPRegen 3.71/turn                O - +6 ring of intelligence
MPRegen 0.00/turn                J - ring of protection from cold

@: berserking (expiring), freezing walls, flying, studying Throwing, very quick
A: sickness immunity, fire resistance 2, cold vulnerability 1, float, innate
caster, HP casting, extra vitality 1, antennae 1, thin skeletal structure 1
a: Renounce Religion, Minor Destruction, Lesser Servant of Makhleb, Major
Destruction, Greater Servant of Makhleb


You were on level 13 of the Dungeon.
You worshipped Makhleb.
Makhleb was exalted by your worship.
You visited 4 branches of the dungeon, and saw 21 of its levels.
You also visited: Ossuary and Volcano.

You collected 2394 gold pieces.
You spent 453 gold pieces at shops.

Inventory:

Hand Weapons
 o - the +11 hammer of Judgement (weapon) {vorpal, Fragile rPois Stlth+}
   (You found it on level 2 of the Dungeon)

   It inflicts extra damage upon your enemies.
   rPois:     It protects you from poison.
   Fragile:   It will be destroyed if unequipped.
   Stlth:     It makes you more stealthy.
 R - a +5 double sword of holy wrath
Missiles
 v - a throwing net
Armour
 b - the +1 ring mail of Reasonable Mirth {+Blink}
   (You took it off an orc on level 5 of the Dungeon)

   +Blink:    It lets you blink.
 g - a +1 pair of gloves (worn)
 h - a +2 hat (worn)
 p - a +2 cloak (worn)
 C - the +1 robe of Vines (worn) {NoPotionHeal Regen++++}
   (You found it on level 10 of the Dungeon)

   Its wearer cannot be healed by potions.
   Regen:     It increases your rate of health regeneration.
 W - a +3 leather armour of fire resistance
 X - a +0 kite shield (worn)
Magical Staves
 f - a staff of air
Jewellery
 j - an amulet of the acrobat
 w - a ring of resist corrosion
 B - an amulet of reflection (around neck)
 J - a ring of protection from cold (right hand)
 O - a +6 ring of intelligence (left hand)
Wands
 k - a wand of polymorph (11)
 m - a wand of flame (36)
 y - a wand of charming (21)
 F - a wand of roots (19)
 K - a wand of digging (2)
 M - a wand of quicksilver (9)
 Y - a wand of mindburst (7)
Scrolls
 c - a scroll of fog
 d - 5 scrolls of teleportation
 D - a scroll of fear
 G - 2 scrolls of magic mapping
 H - 4 scrolls of enchant armour
 Q - 4 scrolls of blinking
 U - 3 scrolls of silence
 Z - a scroll of summoning
Potions
 e - 2 potions of might
 i - 11 potions of curing
 l - 4 potions of heal wounds
 n - 3 potions of brilliance
 q - 2 potions of invisibility
 r - 8 potions of lignification
 t - 5 potions of haste
 u - 2 potions of mutation
 A - 4 potions of resistance
 S - a potion of ambrosia {unknown}
 V - 2 potions of cancellation
Miscellaneous
 I - a tin of tremorstones (1/2)
 T - a phantom mirror


   Skills:
 + Level 15.7 Fighting
 - Level 2.1 Dodging
 - Level 1.5 Stealth
 + Level 5.3 Shields
 + Level 12.5 Spellcasting
 + Level 14.0 Invocations
 - Level 8.0 Evocations


You had 4 spell levels left.
You knew the following spells:

 Your Spells              Type           Power      Damage    Failure   Level
a - Sting                 Tmut/Pois      100%       1d8       1%          1
b - Poisonous Vapours     Pois/Air       100%       N/A       1%          2
c - Lightning Bolt        Conj/Air       38%        1d56      1%          5
d - Cause Fear            Hex            38%        N/A       1%          4
e - Agony                 Necr           76%        N/A       1%          5
f - Slow                  Hex            100%       N/A       1%          1
z - Mephitic Cloud        Conj/Pois/Air  76%        N/A       1%          3
A - Olgreb's Toxic Radia  Pois           76%        N/A       1%          4
B - Static Discharge      Conj/Air       100%       2-7/arc   1%          2
C - Frozen Ramparts       Ice            100%       1d16      1%          3
D - Death Channel         Necr           38%        N/A       7%          6
Your spell library was empty.

Dungeon Overview and Level Annotations

Branches:
Dungeon (13/15)            Temple (1/1) D:4            Lair (5/5) D:8
  Swamp (0/4) Lair:3        Snake (0/4) Lair:2        Slime (0/5) Lair:5
    Orc (2/2) D:9             Elf (0/3) Orc:2        Vaults (0/5) D:13
Ossuary (visited)         Volcano (visited)

Altars:
Ashenzari
Cheibriados
Dithmenos
Elyvilon
Fedhas
Gozag
Hepliaklqana
Makhleb
Nemelex Xobeh
Okawaru
Qazlal
Ru
Trog
Uskayaw
Wu Jian
Xom
Yredelemnul
Zin
The Shining One
Jiyva

Shops:
D:8 :***   Orc:2 ![(*

Annotations:
D:8 1 runed translucent door, themarg's ghost, novice DrCj
D:9 1 runed translucent door, arthad's ghost, novice GrEE


Innate Abilities, Weirdness & Mutations

You are immune to sickness and miasma.
You are immune to poison.
Your flesh is very heat resistant. (rF++)
You are vulnerable to cold. (rC-)
You float through the air rather than walking.
You learn spells naturally, not from books.
Your magical power is your life essence.
You have superior vitality. (+4 MHP)
You have a pair of small antennae on your head.
You have a somewhat thin skeletal structure. (Dex +2, Stealth+)


Message History

The wall freezes the +7 long sword but does no damage.
The +7 long sword hits you!
* * * LOW HITPOINT WARNING * * *
The +2 long sword resists.
The wall freezes the +2 long sword.
The +2 long sword hits you.
* * * LOW HITPOINT WARNING * * *
The wall freezes the +7 long sword but does no damage.
You block the +7 long sword's attack.
The +2 long sword completely resists.
The wall freezes the +2 long sword but does no damage.
The +2 long sword hits you.
* * * LOW HITPOINT WARNING * * *
You closely miss the +2 long sword.
The +2 long sword is heavily damaged.
The +7 long sword resists.
The wall freezes the +7 long sword.
The +7 long sword barely misses you.
The wall freezes the +2 long sword but does no damage.
The +2 long sword hits you but does no damage.
The +7 long sword resists.
The wall freezes the +7 long sword.
The +7 long sword hits you!
* * * LOW HITPOINT WARNING * * *
The wall freezes the +2 long sword but does no damage.
You block the +2 long sword's attack.
You bludgeon the +2 long sword!!
The +2 long sword falls from the air.
Makhleb accepts your kill.
The wall freezes the +7 long sword but does no damage.
You block the +7 long sword's attack.
The wall freezes the +7 long sword but does no damage.
The +7 long sword closely misses you.
You miss the +7 long sword.
The wall freezes the +7 long sword but does no damage.
The +7 long sword hits you!
* * * LOW HITPOINT WARNING * * *
You miss the +7 long sword.
The +7 long sword completely resists.
The wall freezes the +7 long sword but does no damage.
The +7 long sword hits you!
* * * LOW HITPOINT WARNING * * *
The wall freezes the +7 long sword but does no damage.
The +7 long sword hits you!
You die...

#.......^...#
#...........#
#######.....#
#.....# #.....#
#.....# #.....#
#....)##########
#....(@........#
######.........#
#.........#
#..<......#
#...>.....#
#.........#
#.........#
#.........#
###########


You could see a +7 long sword.

Vanquished Creatures
  Saint Roka (Orc:2)
  Gastronok (D:12)
  An orc warlord (Orc:2)
  2 dire elephants (Lair:1)
  A fire dragon (Lair:5)
  An ice dragon (Lair:5)
  A hydra (Lair:1)
  3 catoblepae
  Erica (D:11)
  2 ogre magi (Orc:2)
  9 two-headed ogres
  A dancing weapon (D:13)
  An anaconda (Lair:1)
  2 death yaks (Lair:1)
  Urug (Lair:1)
  A hell knight (Volcano)
  A salamander mystic (Volcano)
  2 deep trolls (Orc:2)
  A swamp dragon (Lair:5)
  A lindwurm (Lair:5)
  Pikel (D:7)
  A deep elf archer (D:12)
  2 deep elf pyromancers (D:12)
  An ugly thing (D:11)
  2 cyclopes (Orc:2)
  3 orc sorcerers
  An oklob plant (Lair:2)
  A manticore (Lair:1)
  5 salamanders (Volcano)
  8 elephants
  6 torpor snails
  6 black mambas
  2 gargoyles (D:12)
  14 cane toads
  4 rime drakes
  15 komodo dragons
  13 trolls
  8 hornets
  12 polar bears
  6 tyrant leeches
  14 blink frogs
  A slime creature (D:12)
  7 dream sheep (Lair:2)
  Sigmund (D:2)
  64 yaks
  A wraith (D:12)
  2 basilisks
  7 wyverns
  Eustachio (D:6)
  5 steam dragons
  4 wargs
  2 nagas (Lair:2)
  2 swamp worms (Lair:3)
  3 vampire mosquitoes (D:12)
  3 acid dragons
  18 water moccasins
  15 orc warriors
  2 swamp drakes (Lair:5)
  10 black bears
  4 ice beasts
  17 wolves
  26 ogres
  4 centaurs
  2 lemures (D:7)
  2 kobold brigands (D:8)
  A gnoll sergeant (D:12)
  2 necrophages
  Blork the orc (D:5)
  10 bullfrogs
  6 scorpions
  17 wights
  2 water moccasin zombies (Ossuary)
  2 electric eels (Lair:1)
  10 howler monkeys
  A crimson imp (D:6)
  3 jellies
  9 orc priests
  5 hounds
  Crazy Yiuf (D:2)
  Jessica (D:2)
  2 gnoll boudas (D:9)
  12 iguanas
  14 orc wizards
  10 hell rats
  2 mummies (Ossuary)
  18 gnolls
  13 adders
  13 river rats (Lair:3)
  A shadow imp (D:6)
  An ufetubus (D:6)
  A worm (D:2)
  2 dart slugs
  79 orcs
  5 bats
  7 endoplasms
  3 giant cockroaches
  5 gnoll zombies (Ossuary)
  3 goblins
  4 hobgoblins
  7 quokkas (Lair:3)
  8 ball pythons
  A frilled lizard (D:3)
  3 hobgoblin zombies (Ossuary)
  18 kobolds
  2 kobold zombies (Ossuary)
  4 orc zombies (Ossuary)
  18 rats
  A butterfly (Lair:5)
690 creatures vanquished.

Vanquished Creatures (collateral kills)
  2 hydras (Lair:5)
  A troll (Orc:2)
  The ghost of equiv the Slasher, an amateur DgWr (D:5)
  A water moccasin (Lair:5)
  An orc warrior (Orc:2)
  An orc priest (D:5)
  3 orcs
10 creatures vanquished.

Vanquished Creatures (others)
  Nessos (D:12)
  A troll (D:12)
  An orc wizard (D:9)
  21 fungi
  83 plants
  2 withered plants (D:8)
109 creatures vanquished.

Grand Total: 809 creatures vanquished

Notes
Turn   | Place    | Note
-------+----------+-------------------------------------------
     0 | D:1      | zishaf the Djinni Venom Mage began the quest for the Orb.
     0 | D:1      | zishaf set off with the following spells memorised: Sting,
                  | Poisonous Vapours, Mephitic Cloud, Olgreb's Toxic Radiance.
     0 | D:1      | Reached XP level 1. HP: 15/15 MP: 0/0
   195 | D:1      | Reached XP level 2. HP: 17/22 MP: 0/0
   198 | D:1      | Reached skill level 1 in Fighting
   756 | D:2      | Reached XP level 3. HP: 25/27 MP: 0/0
   756 | D:2      | Learned a level 1 spell: Slow
  1086 | D:2      | Reached skill level 2 in Fighting
  1097 | D:2      | Noticed Jessica
  1112 | D:2      | Killed Jessica
  1113 | D:2      | Reached XP level 4. HP: 21/34 MP: 0/0
  1250 | D:2      | Noticed Sigmund
  1301 | D:2      | Killed Sigmund
  1302 | D:2      | Reached skill level 3 in Fighting
  1302 | D:2      | Reached XP level 5. HP: 29/40 MP: 0/0
  1302 | D:2      | Learned a level 2 spell: Static Discharge
  1302 | D:2      | Reached XP level 6. HP: 33/46 MP: 0/0
  1425 | D:2      | Found a white marble altar of Elyvilon.
  1675 | D:2      | Identified the +11 hammer of Judgement {vorpal, Fragile
                  | rPois Stlth+}
  1685 | D:2      | Found a runed translucent door.
  1686 | D:2      | Noticed Crazy Yiuf
  1698 | D:2      | Killed Crazy Yiuf
  1934 | D:3      | Found an ornate altar of the Wu Jian Council.
  2507 | D:4      | Found a staircase to the Ecumenical Temple.
  2514 | D:4      | Reached XP level 7. HP: 25/51 MP: 0/0
  2514 | D:4      | Learned a level 3 spell: Frozen Ramparts
  2522 | Temple   | Entered the Ecumenical Temple
  2785 | D:4      | Reached skill level 4 in Fighting
  2936 | D:4      | Found a shimmering altar of Xom.
  3111 | D:4      | Found a sacrificial altar of Ru.
  3451 | D:5      | Entered Level 5 of the Dungeon
  3522 | D:5      | Reached XP level 8. HP: 58/58 MP: 0/0
  3540 | D:5      | Reached skill level 5 in Fighting
  3678 | D:5      | Reached skill level 5 in Spellcasting
  3722 | D:5      | Found a runed translucent gate.
  3723 | D:5      | Found a runed translucent gate.
  3723 | D:5      | Found a runed translucent gate.
  3724 | D:5      | Identified the +1 ring mail of Reasonable Mirth {+Blink}
  3724 | D:5      | Noticed equiv's ghost (amateur DgWr)
  3759 | D:5      | Killed equiv's ghost
  3760 | D:5      | Reached skill level 6 in Fighting
  4214 | D:5      | Noticed Blork the orc
  4222 | D:5      | Killed Blork the orc
  4223 | D:5      | Reached XP level 9. HP: 56/67 MP: 0/0
  4223 | D:5      | Learned a level 4 spell: Cause Fear
  4259 | D:5      | Found a shadowy altar of Dithmenos.
  4643 | D:6      | Reached skill level 7 in Fighting
  5043 | D:6      | Noticed Eustachio
  5081 | D:6      | Killed Eustachio
  5404 | D:6      | Reached skill level 8 in Fighting
  5921 | D:6      | Found a burning altar of Makhleb.
  5938 | D:6      | Became a worshipper of Makhleb the Destroyer
  6011 | D:7      | Found a sand-covered staircase.
  6016 | Ossuary  | Entered an ossuary
  6101 | Ossuary  | Reached skill level 1 in Invocations
  6262 | D:7      | Reached * piety under Makhleb
  6273 | D:7      | Reached XP level 10. HP: 65/77 MP: 0/0
  6316 | D:7      | Noticed Pikel
  6373 | D:7      | Killed Pikel
  6884 | D:7      | Found a white marble altar of Elyvilon.
  7030 | D:8      | Found Qyzic's General Store.
  7103 | D:8      | Reached skill level 9 in Fighting
  7122 | D:8      | Found Zin's Purification Station.
  7125 | D:8      | Found a glowing silver altar of Zin.
  7191 | D:8      | Reached skill level 5 in Invocations
  7195 | D:8      | Found a staircase to the Lair.
  7195 | D:8      | Noticed a rime drake
  7482 | D:8      | Killed a rime drake
  7680 | D:8      | Found Ewnilux's Book Shop.
  8033 | D:8      | Reached XP level 11. HP: 74/85 MP: 0/0
  8033 | D:8      | Learned a level 5 spell: Agony
  8087 | D:8      | Found a runed translucent door.
  8087 | D:8      | Noticed themarg's ghost (novice DrCj)
  8217 | D:8      | Found Tierat's General Store.
  8224 | D:8      | Bought a ring of protection from cold for 375 gold pieces
  8631 | D:9      | Found a staircase to the Orcish Mines.
  8646 | D:9      | Reached ** piety under Makhleb
  8844 | D:9      | Found a blossoming altar of Fedhas.
  9065 | D:9      | Found a runed translucent door.
  9187 | D:9      | Reached skill level 10 in Fighting
  9196 | D:9      | Reached skill level 5 in Evocations
  9371 | D:9      | Reached *** piety under Makhleb
 10114 | D:9      | Noticed arthad's ghost (novice GrEE)
 10239 | D:10     | Entered Level 10 of the Dungeon
 10474 | D:10     | Noticed a two-headed ogre
 10486 | D:10     | Killed a two-headed ogre
 10609 | D:10     | Found the +1 robe of Vines {NoPotionHeal Regen++++}
 10657 | D:10     | Noticed a five-headed hydra
 11113 | D:10     | Identified the +10 plate armour "Xemubo" {rC+}
 11272 | D:11     | Reached XP level 12. HP: 93/93 MP: 0/0
 11604 | D:11     | Noticed Erica
 11617 | D:11     | Killed Erica
 11618 | D:11     | Reached skill level 11 in Fighting
 11699 | D:11     | Reached **** piety under Makhleb
 11983 | Lair:1   | Entered Level 1 of the Lair of Beasts
 12133 | Lair:1   | Reached skill level 1 in Shields
 12194 | Lair:1   | Noticed Urug
 12213 | Lair:1   | Killed Urug
 12441 | Lair:1   | Noticed a catoblepas
 12457 | Lair:1   | HP: 4/94 [catoblepas (28)]
 12459 | Lair:1   | Killed a catoblepas
 12599 | Lair:1   | Noticed a death yak
 12619 | Lair:1   | Reached XP level 13. HP: 98/99 MP: 0/0
 12619 | Lair:1   | Learned a level 5 spell: Lightning Bolt
 12708 | Lair:1   | Noticed a dire elephant
 12726 | Lair:1   | Killed a dire elephant
 12773 | Lair:1   | Noticed an eight-headed hydra
 12773 | Lair:1   | Noticed an anaconda
 12773 | Lair:1   | Noticed a dire elephant
 13032 | Lair:1   | Reached skill level 12 in Fighting
 13048 | Lair:1   | Killed an anaconda
 13081 | Lair:1   | Killed a dire elephant
 13122 | Lair:1   | Killed an eight-headed hydra
 13351 | Lair:2   | Reached skill level 5 in Shields
 13352 | Lair:2   | Reached skill level 10 in Invocations
 13356 | Lair:2   | Reached skill level 10 in Spellcasting
 13366 | Lair:2   | Found a staircase to the Snake Pit.
 13411 | Lair:2   | Reached ***** piety under Makhleb
 13423 | Lair:2   | Noticed a catoblepas
 13457 | Lair:1   | Killed a catoblepas
 13851 | Lair:2   | Reached XP level 14. HP: 108/108 MP: 0/0
 13899 | Lair:2   | Reached skill level 13 in Fighting
 14829 | Lair:3   | Found a staircase to the Swamp.
 15081 | Lair:3   | Reached ****** piety under Makhleb
 15377 | Lair:4   | Found a dark tunnel.
 15386 | Volcano  | Entered a volcano
 16020 | Lair:5   | Entered Level 5 of the Lair of Beasts
 16020 | Lair:5   | Found a staircase to the Slime Pits.
 16020 | Lair:5   | Found a viscous altar of Jiyva.
 16021 | Lair:5   | Upgraded the game from 0.30-a0-393-g54b8e3be05 to
                  | 0.30-a0-394-g3e4acdb0ae
 16034 | Lair:5   | Reached skill level 14 in Fighting
 16100 | Lair:5   | Reached XP level 15. HP: 117/117 MP: 0/0
 16100 | Lair:5   | Learned a level 6 spell: Death Channel
 16386 | Lair:5   | Identified the +9 quarterstaff of the Lost Olives {drain,
                  | Will+ rCorr Str+6 Int-4}
 17294 | Lair:5   | Found a runed translucent door.
 17432 | Lair:5   | Identified the +9 dire flail of the Orcish Mines {freeze,
                  | rElec Will+ SInv Stlth+}
 17689 | Orc:1    | Entered Level 1 of the Orcish Mines
 17884 | Orc:2    | Entered Level 2 of the Orcish Mines
 17892 | Orc:2    | Noticed Saint Roka
 17905 | Orc:2    | Killed Saint Roka
 17906 | Orc:2    | Reached skill level 15 in Fighting
 18029 | Orc:2    | Noticed an orc warlord
 18040 | Orc:2    | Killed an orc warlord
 18182 | Orc:2    | Reached XP level 16. HP: 126/126 MP: 0/0
 18373 | Orc:2    | Found Enauczus's Assorted Antiques.
 18380 | Orc:2    | Found Qeulinoj's Antique Armour Shop.
 18381 | Orc:2    | Found Jubafoesh's Distillery.
 18392 | Orc:2    | Found Weahokk's Weapon Boutique.
 18395 | Orc:2    | Bought a potion of curing for 39 gold pieces
 18395 | Orc:2    | Bought a potion of curing for 39 gold pieces
 18452 | Orc:2    | Found a staircase to the Elven Halls.
 19115 | D:12     | Noticed Gastronok
 19123 | D:12     | Killed Gastronok
 19395 | D:12     | Noticed Nessos
 19399 | D:12     | Killed Nessos
 19808 | D:13     | Gained mutation: You have a somewhat thin skeletal
                  | structure. (Dex +2, Stealth+) [potion of mutation]
 19808 | D:13     | Gained mutation: You have a pair of small antennae on your
                  | head. [potion of mutation]
 19830 | D:13     | Found a gate to the Vaults.
 19853 | D:13     | HP: 9/190 [+7 long sword (11)]
 19853 | D:13     | Mangled by a +7 long sword

Illustrated notes

Levels and vault maps discovered:
D:1:      matt_arrival_spirals, layout_rooms, amcnicky_mini_corridor_feature
D:2:      layout_loops_ring, basic_altar, uniq_crazy_yiuf_cottage, uniq_jessica,
          uniq_sigmund
D:3:      layout_loops_cross, mainiacjoe_overflow_brackets
D:4:      layout_rooms, nicolae_ru_awakened_eye, brannock_xom_greatest_gift,
          minmay_temple_entry_large_hall
D:5:      layout_basic, mainiacjoe_overflow_alcove_2,
          biasface_ghost_orc_armoury, eino_tiny_chamber,
          minmay_misc_feat_enclosed, grunt_ministairs_15,
          minmay_misc_feat_pillars, minmay_misc_feat_diagonals,
          uniq_blork_the_orc
D:6:      layout_basic, makhleb_grotto_becter, uniq_eustachio
D:7:      layout_basic, nicolae_elyvilon_temple_path, kennysheep_mini,
          serial_curves, eino_curves_03, eino_curves_03, enter_ossuary_2,
          uniq_pikel
D:8:      layout_loops_ring, zin_purify, hellmonk_lair_entry_icy, serial_shops,
          nicolae_square_shop, shop_fountains, nicolae_shop_statue_plus,
          gammafunk_ghost_grave, kennysheep_decorative_pillar,
          kennysheep_flooded_box
D:9:      kennysheep_seaside_town, layout_gridville, mainiacjoe_overflow_paths,
          david_orc_3, ebering_ghost_reflecting_pool
D:10:     layout_loops_ring, hellmonk_guarded_unrand_vines
D:11:     layout_roguey, uniq_erica
D:12:     minmay_opposing_rooms, layout_basic, uniq_gastronok, uniq_nessos
D:13:     minmay_concentric_multi, layout_gridville, erik_vaults_1,
          chequers_serial_rivers_small_a
Temple:   compressed_dpeg_triangle_lava_temple
Lair:1:   layout_chaotic_city, st_stairs_3, nicolae_lair_lakeside_cave,
          uniq_urug
Lair:2:   beast_lair_carwin_large_1, layout_loops_ring,
          guppyfry_snake_entry_island, lemuel_fruit_tree
Lair:3:   lemuel_ratsnest, layout_gridlike, minmay_swamp_entry_worms
Lair:4:   layout_hall_layers, enter_volcano_1
Lair:5:   wormcave, layout_gridlike, guppyfry_lair_end_dragon, slime_entry_1,
          minivault_25, lemuel_fruit_fields
Orc:1:    layout_caves, basic_altar
Orc:2:    st_orc_open, layout_caves, uniq_saint_roka

Skill      XL: |  1  2  3  4  5  6  7  8  9 10 11 12 13 14 15 16 |
---------------+-------------------------------------------------+-----
Fighting       | 1 2 3 4 6 8 9 10 11 12 14 15 | 15.7
Spellcasting   | 3 4 5 6 7 8 9 10 11 12 | 12.5
Evocations     | 2 3 4 6 7 8 |  8.0
Invocations    | 2 6 7 9 10 12 13 14 | 14.0
Shields        | 3 5 |  5.3
Dodging        | |  2.1
Stealth        | |  1.5

Action                   |  1- 3 |  4- 6 |  7- 9 | 10-12 | 13-15 | 16-18 || total
-------------------------+-------+-------+-------+-------+-------+-------++-------
Melee: Unarmed           |     2 |       |       |       |       |       ||     2
       Mace              |       |    48 |   183 |   293 |   319 |    13 ||   856
       Punch             |       |     2 |     3 |     2 |       |       ||     7
 Cast: Sting             |    56 |    11 |    14 |     8 |     1 |       ||    90
       Poisonous Vapours |     4 |    13 |    14 |    52 |    82 |     7 ||   172
       Slow              |     1 |     3 |     3 |     3 |     1 |       ||    11
       Mephitic Cloud    |       |     2 |     3 |    23 |    11 |       ||    39
       Olgreb's Toxic Ra |       |     1 |     6 |    31 |    60 |     6 ||   104
       Frozen Ramparts   |       |       |     4 |    12 |    28 |     2 ||    46
       Static Discharge  |       |       |     8 |     2 |     1 |       ||    11
       Agony             |       |       |       |     1 |       |       ||     1
       Lightning Bolt    |       |       |       |       |   232 |    87 ||   319
       Cause Fear        |       |       |       |       |     9 |     3 ||    12
       Death Channel     |       |       |       |       |     2 |       ||     2
Evoke: Tin of tremorston |       |       |       |       |       |     1 ||     1
  Use: Scroll            |       |    11 |     9 |     4 |     6 |     2 ||    32
       Potion            |       |       |       |       |       |     2 ||     2
 Stab: Sleeping          |       |     8 |     7 |     3 |     3 |       ||    21
       Distracted        |       |       |     2 |       |       |       ||     2
       Confused          |       |       |       |     4 |     1 |       ||     5
Armor: Robe              |     4 |    15 |    80 |    52 |   162 |     7 ||   320
       Ring mail         |       |       |       |    64 |       |       ||    64
       Skin              |       |       |       |     1 |       |       ||     1
Dodge: Dodged            |    13 |    28 |   138 |   176 |   276 |     9 ||   640
Block: Other             |       |       |    17 |    69 |       |       ||    86
       Reflection        |       |       |       |     2 |       |     2 ||     4
       Buckler           |       |       |       |    21 |   316 |     7 ||   344
       Kite shield       |       |       |       |       |       |    20 ||    20

Table legend: (Time is in decaauts)
 A = Elapsed time spent in this place.
 B = Non-inter-level travel time spent in this place.
 C = Inter-level travel time spent in this place.
 D = Time resting spent in this place.
 E = Time spent auto-exploring this place.
 F = Levels seen in this place.
 G = Mean time per level.
                   A        B        C        D        E       F      G
               +--------+--------+--------+--------+--------+-----+--------+
         Total |  20213 |  19297 |    916 |    957 |  13572 |  23 |  878.8 |
       Dungeon |  12712 |  12094 |    618 |    399 |   9410 |  13 |  977.8 |
        Temple |    254 |    254 |      0 |      0 |    171 |   1 |  254.0 |
          Lair |   5629 |   5443 |    186 |    515 |   3114 |   5 | 1125.8 |
  Orcish Mines |   1192 |   1081 |    111 |     43 |    643 |   2 |  596.0 |
       Ossuary |    221 |    221 |      0 |      0 |    120 |   1 |  221.0 |
       Volcano |    202 |    202 |      0 |      0 |    114 |   1 |  202.0 |
               +--------+--------+--------+--------+--------+-----+--------+

Top non-repeatable levels by time:
     D:9: 1942 daAuts
  Lair:5: 1557 daAuts
     D:6: 1495 daAuts
  Lair:1: 1464 daAuts
     D:8: 1359 daAuts
     D:2: 1128 daAuts
    D:10: 1101 daAuts
     D:5: 1083 daAuts
  Lair:2: 1040 daAuts
  Lair:3: 994 daAuts
     D:7: 967 daAuts
    D:12: 854 daAuts
   Orc:2: 783 daAuts
     D:1: 750 daAuts
     D:4: 730 daAuts
